 Dungeon Crawl Stone Soup version 0.31-a0-675-g238779eb0a (webtiles) character file.

Game seed: 12114203985835269264

569 qw the Shooter (level 7, -6/44 HPs)
             Began as a Gargoyle Hunter on Sept 5, 2023.
             Mangled by Duvessa
             ... wielding a +1 rapier of holy wrath
              (10 damage)
             ... on level 4 of the Dungeon.
             The game lasted 00:01:20 (2684 turns).

qw the Shooter (Gargoyle Hunter)                    Turns: 2684, Time: 00:01:21

Health: -6/44      AC: 13    Str: 14    XL:     7   Next: 33%
Magic:  7/7        EV: 10    Int: 10    God:
Gold:   199        SH:  0    Dex: 15    Spells: 6/6 levels left

rFire   . . .        Y - +1 shortbow
rCold   . . .        (shield currently unavailable)
rNeg    + . .        b - +0 ring mail
rPois   inf          c - +2 hat
rElec   +            (no cloak)
rCorr   .            h - +0 pair of gloves
SInv    .            (no boots)
Will    .....        a - amulet of regeneration
Stlth   +            (no ring)
HPRegen 1.07/turn    (no ring)
MPRegen 0.10/turn

%: no passive effects
@: no status effects
A: sickness immunity, AC +4, negative energy resistance 1, electricity
resistance, torment resistance 1, petrification resistance
a: no special abilities


You were on level 4 of the Dungeon.
You visited 1 branch of the dungeon, and saw 4 of its levels.

You collected 199 gold pieces.


Innate Abilities, Weirdness & Mutations

You are immune to sickness and miasma.
Your stone body is resilient. (AC +4)
You are immune to poison.
You resist negative energy. (rN+)
You are resistant to electric shocks. (rElec)
You are resistant to unholy torment.
You are immune to petrification.


   Skills:
 - Level 4.3 Fighting
 + Level 7.8 Ranged Weapons
 - Level 1.0 Armour
 - Level 1.5 Dodging
 - Level 1.1 Stealth


You had 6 spell levels left.
You didn't know any spells.
Your spell library was empty.

Inventory:

Hand Weapons
 Y - a +1 shortbow (weapon)
Armour
 b - a +0 ring mail (worn)
 c - a +2 hat (worn)
 h - a +0 pair of gloves (worn)
Jewellery
 a - an amulet of regeneration (around neck)
Scrolls
 e - 2 scrolls of identify
Potions
 d - 2 potions of curing
 f - a potion of might {unknown}
 g - a potion of lignification {unknown}
 i - a potion of berserk rage {unknown}
 j - a potion of heal wounds {unknown}
 k - a potion of enlightenment {unknown}

Dungeon Overview and Level Annotations

Branches:
Dungeon (4/15)
 Temple: D:4-7

Altars:

Annotations:
D:1 2 transporters
D:2 1 runed translucent door, Crazy Yiuf
D:4 Dowan, Duvessa


Message History

Duvessa hits you but does no damage.
Duvessa hits you with a +1 rapier of holy wrath!
Dowan hits you with a +0 dagger.
You shoot an arrow. The arrow hits Duvessa!
Duvessa is heavily wounded.
Duvessa barely misses you. Dowan hits you with a +0 dagger.
You shoot an arrow. The arrow hits Duvessa!
Duvessa is severely wounded.
Duvessa closely misses you. Duvessa hits you but does no damage.
Dowan gestures wildly while chanting.
Dowan blinks!
You shoot an arrow. The arrow closely misses Duvessa.
Duvessa hits you with a +1 rapier of holy wrath!
Duvessa barely misses you.
You shoot an arrow. The arrow hits Duvessa.
Duvessa is almost dead.
Duvessa closely misses you.
You shoot an arrow.
The arrow hits Duvessa but does no damage.
Duvessa is almost dead.
Duvessa hits you but does no damage. Dowan hits you but does no damage.
Duvessa closely misses you.
You shoot an arrow.
The arrow hits Duvessa but does no damage.
Duvessa is almost dead.
Duvessa hits you with a +1 rapier of holy wrath.
Dowan closely misses you.
Duvessa hits you with a +1 rapier of holy wrath!
You shoot an arrow. The arrow barely misses Duvessa.
Dowan completely misses you. Duvessa hits you but does no damage.
You shoot an arrow. The arrow barely misses Duvessa.
Duvessa hits you but does no damage. Dowan barely misses you.
Duvessa hits you with a +1 rapier of holy wrath.
Dowan casts a spell at you. The puff of flame hits you.
You shoot an arrow. The arrow hits Duvessa.
Duvessa is almost dead.
Duvessa hits you but does no damage. Dowan closely misses you.
Duvessa hits you with a +1 rapier of holy wrath!
You die...

### ... # ~P~P7 ##.##.# ~~~~~77
### ##8.8#.# P~~~~~P7 #.. ......
~~~~~~~P~ #.#########8.8#
~~~~~~~~~~ #.##......##.#
~~~~~~~~~~~ #.##.#####.e@#
7~~~~~~~~PP~ #####.##.#####.e###
#P~~~~~~~~~~
.........#........####~~PPP~P~~~~
#####.####.##.........~~~~P~~~P~~
#.# ##.##...#.##.#~~~P~~~~~~~
#.###...##.##.##.(~~~~.P~~~P~
##......%...##.##..~P~~....~~~
..7......#####.#..............
#P~~~P).....##...#............


You could see Duvessa (fast) and Dowan.

Vanquished Creatures
  Sigmund (D:3)
  An ogre (D:3)
  2 hounds (D:3)
  Terence (D:2)
  An iguana (D:4)
  2 orc wizards (D:4)
  7 adders
  A gnoll (D:3)
  3 worms (D:2)
  A dart slug (D:2)
  5 orcs (D:4)
  9 bats
  8 endoplasms
  4 giant cockroaches
  6 goblins
  9 hobgoblins
  4 jackals (D:2)
  7 kobolds
  3 quokkas
  6 ball pythons
  3 frilled lizards (D:2)
  6 rats
90 creatures vanquished.

Notes
Turn   | Place    | Note
-------+----------+-------------------------------------------
     0 | D:1      | qw the Gargoyle Hunter began the quest for the Orb.
     0 | D:1      | Reached XP level 1. HP: 12/12 MP: 1/1
     0 | D:1      | 0 ||| qw: Version: 0.3-a-75-g829b12e
     0 | D:1      | 0 ||| qw: Game counter: 206
     0 | D:1      | 0 ||| qw: Melee chars always use a shield: true
     0 | D:1      | 0 ||| qw: God list: Okawaru
     0 | D:1      | 0 ||| qw: Allow faded altars: false
     0 | D:1      | 0 ||| qw: Do Orc after clearing Dungeon:15 true
     0 | D:1      | 0 ||| qw: Do second Lair branch before Depths: true
     0 | D:1      | 0 ||| qw: Lair rune preference: random
     0 | D:1      | 0 ||| qw: Goals: Normal
     0 | D:1      | 0 ||| PLANNING D:1-11
   157 | D:1      | Reached XP level 2. HP: 17/17 MP: 2/2
   553 | D:1      | 553 ||| READING scroll labelled QIEROXZ YNEU.
   554 | D:1      | 554 ||| READING scroll labelled BAEMUWOE YBYHE.
   557 | D:1      | 557 ||| READING scroll labelled SUARGH SOLACEF MAK.
   558 | D:1      | 558 ||| READING scroll labelled ZIREJEHUGI.
   559 | D:1      | 559 ||| READING scroll labelled LUGHYU ZUEPPUN.
   560 | D:1      | 560 ||| DROPPING scroll of butterflies.
   646 | D:2      | 646 ||| FLEEEEING.
   647 | D:2      | 647 ||| FLEEEEING.
   648 | D:2      | 648 ||| FLEEEEING.
   649 | D:2      | 649 ||| FLEEEEING.
   650 | D:2      | 650 ||| FLEEEEING.
   652 | D:2      | Reached XP level 3. HP: 20/21 MP: 3/3
   673 | D:2      | Reached skill level 5 in Ranged Weapons
   803 | D:2      | Found a faded altar of an unknown god.
   960 | D:2      | Reached skill level 3 in Fighting
   960 | D:2      | Reached XP level 4. HP: 28/28 MP: 4/4
   985 | D:2      | Noticed Terence
  1000 | D:2      | HP: 6/28 [Terence/+0 short sword (6)]
  1001 | D:2      | Killed Terence
  1262 | D:2      | HP: 7/28 [jackal (2)]
  1266 | D:2      | Reached XP level 5. HP: 10/32 MP: 5/5
  1271 | D:2      | HP: 8/32 [jackal (2)]
  1559 | D:2      | Found a runed translucent door.
  1560 | D:2      | Noticed Crazy Yiuf
  1563 | D:2      | 1563 ||| UPGRADING to +0 ring mail.
  1573 | D:2      | 1573 ||| DROPPING +0 leather armour.
  1574 | D:2      | 1574 ||| UPGRADING to +0 pair of gloves.
  1579 | D:2      | 1579 ||| UPGRADING to amulet of regeneration.
  1584 | D:2      | 1584 ||| READING scroll labelled ZELUBL APHIL.
  1585 | D:2      | 1585 ||| READING scroll labelled EBLOFU XOVASTRO.
  1775 | D:3      | Reached skill level 1 in Armour
  1776 | D:3      | Noticed Sigmund
  1785 | D:3      | Killed Sigmund
  1786 | D:3      | Reached skill level 6 in Ranged Weapons
  1786 | D:3      | Reached XP level 6. HP: 27/37 MP: 6/6
  2225 | D:3      | 2225 ||| Stepping ~*~*~tactically~*~*~ (retreating).
  2226 | D:3      | 2226 ||| Stepping ~*~*~tactically~*~*~ (retreating).
  2227 | D:3      | 2227 ||| Stepping ~*~*~tactically~*~*~ (retreating).
  2228 | D:3      | 2228 ||| Stepping ~*~*~tactically~*~*~ (retreating).
  2234 | D:3      | Reached skill level 7 in Ranged Weapons
  2241 | D:3      | Reached XP level 7. HP: 13/44 MP: 7/7
  2279 | D:3      | 2279 ||| UPGRADING to +2 hat.
  2284 | D:3      | 2284 ||| READING scroll labelled CUACIMETZU.
  2285 | D:3      | 2285 ||| READING 2 scrolls of identify.
  2285 | D:3      | 2285 ||| IDENTIFYING brown potion
  2412 | D:4      | 2412 ||| FLEEEEING.
  2413 | D:4      | 2413 ||| FLEEEEING.
  2414 | D:4      | 2414 ||| FLEEEEING.
  2668 | D:4      | Noticed Dowan
  2669 | D:4      | Noticed Duvessa
  2681 | D:4      | HP: 11/44 [Duvessa/+1 rapier of holy wrath (6)]
  2681 | D:4      | HP: 4/44 [Duvessa/+1 rapier of holy wrath (7)]
  2684 | D:4      | Mangled by Duvessa

Levels and vault maps discovered:
D:1:      spicycebolla_arrival_transporter_tutorial, layout_loops_ring
D:2:      minmay_angry_zag, layout_basic,
          hellmonk_ecumenical_altar_heavens_door, minmay_indecisive_spiral,
          uniq_crazy_yiuf_cottage, uniq_terence
D:3:      layout_loops_ring, cheibrodos_gnoll_hut, uniq_sigmund
D:4:      layout_loops_ring, minmay_temple_entry_hall, serial_bayou,
          serial_bayou_pond_b, serial_bayou_lagoon_a, serial_bayou_shore_a,
          serial_bayou_pond_e, grunt_decor_arrowhead, small_statue_intersection,
          uniq_duvessa

Skill      XL: |  1  2  3  4  5  6 |
---------------+-------------------+-----
Ranged Weapons | 5 6 7 |  7.8
Fighting       | 3 4 |  4.3
Armour         | 1 |  1.0
Dodging        | |  1.5
Stealth        | |  1.1

Action                     |  1- 3 |  4- 6 |  7- 9 || total
---------------------------+-------+-------+-------++-------
   Fire: Shortbow          |   116 |   161 |    68 ||   345
    Use: Scroll            |     5 |     2 |     2 ||     9
 Armour: Leather armour    |    20 |    81 |       ||   101
         Ring mail         |       |    44 |    42 ||    86
  Dodge: Dodged            |    35 |   116 |    15 ||   166

Table legend:
 A = Non-vault XP
 B = Vault XP
 C = Vault XP percentage of total XP
 D = Non-vault monster count
 E = Vault monster count
 F = Vault count percentage of total count
                 A         B        C        D         E       F
            +---------+---------+-------+---------+---------+-------
      Total |     372 |     441 |  54.2 |      70 |      20 |  22.2
            +---------+---------+-------+---------+---------+-------
        D:1 |      22 |       0 |   0.0 |      12 |       0 |   0.0
        D:2 |      85 |      69 |  44.8 |      31 |      11 |  26.2
        D:3 |     162 |     314 |  66.0 |      16 |       4 |  20.0
        D:4 |     103 |      58 |  36.0 |      11 |       5 |  31.2
            +---------+---------+-------+---------+---------+-------
